 Dungeon Crawl Stone Soup version 0.25.0-37-gb73750e0fb (webtiles) character file.

Game seed: 10765166078280306778

18790 Ijustatesigmund the Cleaver (level 12, -4/89 HPs)
             Began as an Octopode Gladiator on July 8, 2020.
             Was a Priest of Cheibriados.
             Killed from afar by a ynoxinul (22 damage)
             ... with an iron shot
             ... on level 2 of the Abyss.
             The game lasted 00:25:56 (15392 turns).

Ijustatesigmund the Cleaver (Octopode Gladiator)   Turns: 15392, Time: 00:25:57

Health: -4/89      AC:  3    Str: 24    XL:     12   Next: 62%
Magic:  18/18      EV: 20    Int: 18    God:    Cheibriados [***...]
Gold:   607        SH: 13    Dex: 30    Spells: 11/11 levels left

rFire    + . .     SeeInvis +   r - +8 war axe of the Shimmering Salmon {vorpal, rElec rF+ rC- SInv}
rCold    . . .     Gourm    .   w - +0 kite shield
rNeg     . . .     Faith    .   q - +2 hat
rPois    .         Spirit   .   (no amulet)
rElec    +         Reflect  .   B - ring of protection from cold
rCorr    .         Harm     .   x - +6 ring of dexterity
MR       .....                  D - ring of see invisible
Stlth    +++++.....             (no ring)
HPRegen  0.24/turn              (no ring)
MPRegen  0.16/turn              (no ring)
                                (no ring)
                                (no ring)

@: about to teleport, very slow
A: almost no armour, stealthy swim, amphibious, 8 rings, constrict 8, camouflage
1, blink, gelatinous body 1, MP-powered wands
a: Blink, Bend Time, Temporal Distortion, Renounce Religion


You were on level 2 of the Abyss.
You worshipped Cheibriados.
Cheibriados was most pleased with you.
You were hungry.

You visited 2 branches of the dungeon, and saw 13 of its levels.
You visited the Abyss 1 time.

You collected 607 gold pieces.

Inventory:

Hand Weapons
 a - a +1 war axe of holy wrath
 p - the +7 hand axe "Wuqut" {antimagic, rC- Int+5 Dex+8 Stlth-}
   (You found it on level 4 of the Dungeon)

   It reduces the magical energy of the wielder, and disrupts the spells and
   magical abilities of those hit.
   Natural abilities and divine invocations are not affected.
   It affects your intelligence (+5).
   It affects your dexterity (+8).
   It makes you vulnerable to cold.
   It makes you less stealthy.
 r - the +8 war axe of the Shimmering Salmon (weapon) {vorpal, rElec rF+ rC- SInv}
   (You found it on level 4 of the Dungeon)

   It inflicts extra damage upon your enemies.
   It protects you from fire.
   It makes you vulnerable to cold.
   It insulates you from electricity.
   It lets you see invisible.
 y - a +1 flail of protection
Missiles
 c - 8 throwing nets (quivered)
 j - 5 atropa-tipped darts
Armour
 q - a +2 hat (worn)
 w - a +0 kite shield (worn)
Jewellery
 h - an uncursed ring of fire
 k - an uncursed ring of ice
 x - a +6 ring of dexterity (right tentacle)
 B - a ring of protection from cold (left tentacle)
 D - a ring of see invisible (on tentacle)
Wands
 m - a wand of acid (26)
 E - a wand of iceblast (8)
 F - a wand of clouds (3)
 H - a wand of paralysis (8)
 J - a wand of enslavement (7)
Scrolls
 b - a scroll of fear
 l - 5 scrolls of teleportation
 s - 3 scrolls of remove curse
 t - 2 scrolls of blinking
 A - a scroll of amnesia
 C - a scroll of magic mapping
 I - 2 scrolls of identify
Potions
 e - 2 potions of flight
 f - 2 potions of cancellation
 g - a potion of magic
 i - 3 potions of brilliance
 n - 4 potions of curing
 o - 4 potions of lignification
 u - 2 potions of stabbing
 z - 2 potions of might {unknown}
 L - a potion of mutation
Miscellaneous
 v - a lightning rod (4/4)
Comestibles
 d - 18 rations


   Skills:
 - Level 10.7 Fighting
 - Level 11.0 Axes
 - Level 2.0 Throwing
 - Level 8.0 Dodging
 - Level 7.0 Stealth
 + Level 6.8 Shields
 + Level 8.6 Invocations
 - Level 3.1 Evocations


You had 11 spell levels left.
You didn't know any spells.
Your spell library contained the following spells:

 Spells                   Type           Power        Failure   Level  Hunger
 Animate Skeleton         Necr           N/A          54%         1    ##.....
 Apportation              Tloc           #.....       54%         1    ##.....
 Beastly Appendage        Tmut           #.....       54%         1    ##.....
 Corona                   Hex            #......      54%         1    ##.....
 Foxfire                  Conj/Fire      #...         54%         1    ##.....
 Sandblast                Erth           #.....       54%         1    ##.....
 Sting                    Tmut/Pois      #...         54%         1    ##.....
 Summon Small Mammal      Summ           #...         54%         1    ##.....
 Call Imp                 Summ           #.......     67%         2    ###....
 Ensorcelled Hibernation  Hex/Ice        #.....       67%         2    ###....
 Slow                     Hex            #.......     67%         2    ###....
 Sticks to Snakes         Tmut           #.......     67%         2    ###....
 Call Canine Familiar     Summ           #.......     88%         3    ####...
 Confusing Touch          Hex            #.......     88%         3    ####...
 Dazzling Flash           Conj/Hex       #.....       88%         3    ####...
 Gell's Gravitas          Tloc           #.........   88%         3    ####...
 Spider Form              Tmut/Pois      #.........   88%         3    ####...
 Summon Guardian Golem    Hex/Summ       #.......     88%         3    ####...
 Tukima's Dance           Hex            #.......     88%         3    ####...
 Fulminant Prism          Conj/Hex       #.........   99%         4    #####..
 Ice Form                 Ice/Tmut       #.......     99%         4    #####..
 Petrify                  Tmut/Erth      #.......     99%         4    #####..
 Summon Ice Beast         Ice/Summ       #.......     99%         4    #####..
 Summon Lightning Spire   Summ/Air       #.......     99%         4    #####..
 Blade Hands              Tmut           #.........   100%        5    ######.
 Irradiate                Conj/Tmut      #.........   100%        5    ######.
 Lightning Bolt           Conj/Air       #.........   100%        5    ######.
 Metabolic Englaciation   Hex/Ice        #.........   100%        5    ######.
 Silence                  Hex/Air        #.........   100%        5    ######.
 Yara's Violent Unravell  Hex/Tmut       #.........   100%        5    ######.
 Discord                  Hex            #.........   100%        8    #######


Dungeon Overview and Level Annotations

Branches:
Dungeon (12/15)            Temple (1/1) D:5            Lair (0/6) D:11
    Orc (0/2) D:9

Altars:
Ashenzari
Cheibriados
Dithmenos
Elyvilon
Fedhas
Gozag
Hepliaklqana
Kikubaaqudgha
Makhleb
Nemelex Xobeh
Okawaru
Qazlal
Ru
Sif Muna
Trog
Uskayaw
Vehumet
Wu Jian
Xom
Yredelemnul
Zin
The Shining One

Annotations:
D:12 Sonja


Innate Abilities, Weirdness & Mutations

You cannot wear most types of armour.
You are very stealthy in the water. (Stealth+)
You are amphibious.
You can wear up to eight rings at the same time.
You can use your tentacles to constrict eight enemies at once.
Your skin changes colour to match your surroundings (Stealth+).
Your rubbery body absorbs attacks. (AC +1, EV +1)
You can translocate small distances at will.
You expend magic power (3 MP) to strengthen your wands.


Message History

The large abomination is severely damaged.
The large abomination closely misses you.
You slash the large abomination!
You squeeze the large abomination, but do no damage.
The large abomination is almost destroyed.
You block the large abomination's attack.
You slash the large abomination!
You destroy the large abomination!
Cheibriados thoroughly appreciates the change of pace.
The ynoxinul gestures at you. The iron shot misses you.
As you read the scroll of teleportation, it crumbles to dust.
You feel strangely unstable.
You feel the power of the Abyss delaying your translocation!
The ynoxinul gestures at you. The iron shot hits you!
* * * LOW HITPOINT WARNING * * *
The ynoxinul gestures at you. The iron shot hits you!!
You die...

.#### ..§.# #
....# .# .
.#.. .#.#. #
..###...# #..
####.#.##....#
#..#.@.# ...#
##...####..#
#.....##.#.#
###.3....# ##
###....#..#
##..§.#.....
#.#.####..#.#
#.##§ #.#####
. # #.#


You could see a ynoxinul.

Vanquished Creatures
  A great orb of eyes (Abyss:2)
  Harold (D:10)
  2 two-headed ogres
  The ghost of dricus the Covert, a novice SpEn of Gozag (D:8)
  A wolf spider zombie (Abyss:2)
  3 ugly things
  A deep elf mage (D:10)
  A manticore (D:11)
  A cyclops (D:11)
  A centaur zombie (D:12)
  2 trolls
  A merfolk (D:10)
  A hornet (D:10)
  4 hippogriffs
  Sigmund (D:3)
  2 shadows
  A wyvern (D:11)
  2 large abominations (Abyss:2)
  16 yaks
  A human (D:10)
  2 hungry ghosts
  Grum (D:10)
  A vampire mosquito (D:7)
  2 water moccasins
  2 acid dragons
  4 ice beasts
  4 orc warriors
  2 phantoms
  2 black bears (D:10)
  2 sky beasts
  2 eyes of draining
  2 necrophages
  9 ogres
  3 wolves (D:10)
  2 centaurs
  11 bullfrogs
  2 wyvern zombies
  A scorpion (D:5)
  A wyvern skeleton (D:9)
  6 killer bees (D:9)
  6 howler monkeys
  9 wights
  5 quasits (D:8)
  3 crimson imps
  9 hounds
  A jelly (D:9)
  10 orc priests
  2 bullfrog skeletons (D:6)
  12 orc wizards
  A centaur skeleton (D:7)
  Terence (D:3)
  2 iguanas
  6 worker ants
  2 hound zombies
  4 hound skeletons
  4 worker ant zombies
  13 adders
  10 gnolls
  2 shadow imps
  An ufetubus (Abyss:2)
  An ooze (D:3)
  2 adder zombies
  A worm (D:3)
  3 dart slugs
  5 leopard geckos
  56 orcs
  10 bats
  5 giant cockroaches
  6 goblins
  12 hobgoblins
  14 jackals
  7 kobolds
  3 quokkas
  2 ball pythons (D:2)
  A ball python skeleton (D:4)
  6 frilled lizards
  A quokka skeleton (D:10)
  4 rats
347 creatures vanquished.

Vanquished Creatures (collateral kills)
  A wight (D:11)
  A worker ant (D:11)
2 creatures vanquished.

Vanquished Creatures (others)
  A wyvern (D:11)
1 creature vanquished.

Grand Total: 350 creatures vanquished

Notes
Turn   | Place    | Note
-------+----------+-------------------------------------------
     0 | D:1      | Ijustatesigmund the Octopode Gladiator began the quest for
                  | the Orb.
     0 | D:1      | Reached XP level 1. HP: 14/14 MP: 1/1
   258 | D:1      | Reached XP level 2. HP: 20/20 MP: 2/2
   662 | D:1      | Reached XP level 3. HP: 25/25 MP: 3/3
  1963 | D:2      | Reached XP level 4. HP: 31/31 MP: 4/4
  1986 | D:2      | Reached skill level 4 in Axes
  2108 | D:2      | You fall into a shaft and drop 2 floors!
  2143 | D:4      | Noticed an ogre
  2174 | D:4      | Found a radiant altar of Vehumet.
  2181 | D:4      | Killed an ogre
  2181 | D:4      | Reached XP level 5. HP: 37/37 MP: 5/5
  2192 | D:4      | Got an ichor-stained hand axe
  2193 | D:4      | Identified the +7 hand axe "Wuqut" {antimagic, rC- Int+5
                  | Dex+8 Stlth-} (You found it on level 4 of the Dungeon)
  2617 | D:3      | Noticed Terence
  2625 | D:3      | Killed Terence
  2625 | D:3      | Reached XP level 6. HP: 43/43 MP: 2/6
  2678 | D:3      | Found a shadowy altar of Dithmenos.
  2978 | D:3      | Found an iron altar of Okawaru.
  3256 | D:3      | Noticed Sigmund
  3262 | D:3      | Killed Sigmund
  3262 | D:3      | Reached skill level 5 in Axes
  3262 | D:3      | Reached XP level 7. HP: 49/49 MP: 2/7
  3393 | D:4      | Reached skill level 5 in Fighting
  3571 | D:4      | Got a pitted war axe
  3572 | D:4      | Identified the +8 war axe of the Shimmering Salmon {vorpal,
                  | rElec rF+ rC- SInv} (You found it on level 4 of the
                  | Dungeon)
  4240 | D:4      | Reached skill level 6 in Axes
  4240 | D:4      | Reached XP level 8. HP: 40/56 MP: 8/8
  4353 | D:4      | Reached skill level 5 in Stealth
  4629 | D:5      | Entered Level 5 of the Dungeon
  4723 | D:5      | Gained mutation: You expend magic power (3 MP) to
                  | strengthen your wands. [potion of mutation]
  4723 | D:5      | Gained mutation: You can translocate small distances at
                  | will. [potion of mutation]
  4737 | D:5      | Found a staircase to the Ecumenical Temple.
  5025 | Temple   | Entered the Ecumenical Temple
  5604 | D:6      | Found a hazy altar of Hepliaklqana.
  5817 | D:6      | Reached skill level 7 in Axes
  6365 | D:7      | Found a glowing golden altar of the Shining One.
  6433 | D:7      | Reached XP level 9. HP: 61/63 MP: 9/9
  6464 | D:7      | Noticed a green ugly thing
  6465 | D:7      | Identified Cihax's Catalogue of Earthen Bewitchment
  6731 | D:7      | Reached skill level 5 in Dodging
  6822 | D:7      | Reached skill level 8 in Axes
  7231 | D:7      | Identified the Compendium of Moulding and Attacks
  7682 | D:7      | Found a hide-covered altar of Uskayaw.
  7723 | D:7      | Killed a green ugly thing
  7723 | D:7      | Reached XP level 10. HP: 60/73 MP: 0/10
  8007 | D:7      | Reached skill level 9 in Axes
  8090 | D:7      | Found a bloodstained altar of Trog.
  8446 | D:8      | Noticed dricus's ghost (novice SpEn)
  8455 | D:8      | Found a transporter.
  8994 | D:8      | Found a sacrificial altar of Ru.
  9202 | D:8      | Found a transporter.
  9230 | D:8      | Killed dricus's ghost
  9233 | D:8      | Got the ring "Soceja" {Dex-4}
  9241 | D:8      | Identified the cursed ring "Soceja" {+Blink Dex-4} (You
                  | found it on level 8 of the Dungeon)
  9675 | D:9      | Found a shattered altar of Ashenzari.
 10044 | D:9      | Found a staircase to the Orcish Mines.
 10265 | D:9      | Reached skill level 10 in Axes
 10265 | D:9      | Reached skill level 1 in Evocations
 10325 | D:9      | Reached XP level 11. HP: 32/81 MP: 7/12
 10663 | D:9      | Reached skill level 10 in Fighting
 11060 | D:9      | Found a snail-covered altar of Cheibriados.
 11068 | D:9      | Became a worshipper of Cheibriados the Contemplative
 11341 | D:10     | Entered Level 10 of the Dungeon
 11538 | D:10     | Reached skill level 1 in Invocations
 11663 | D:10     | Noticed a two-headed ogre
 11670 | D:10     | Killed a two-headed ogre
 11877 | D:10     | Noticed a deep elf mage
 11895 | D:10     | Killed a deep elf mage
 11895 | D:10     | Reached * piety under Cheibriados
 12031 | D:10     | Noticed Grum
 12044 | D:10     | Killed Grum
 12276 | D:10     | Reached skill level 11 in Axes
 12622 | D:10     | Noticed a centaur warrior
 12623 | D:10     | Noticed Harold
 12631 | D:10     | Killed Harold
 12631 | D:10     | Reached skill level 1 in Shields
 13142 | D:10     | Reached skill level 5 in Invocations
 13338 | D:11     | Noticed a cyclops
 13349 | D:11     | Killed a cyclops
 13350 | D:11     | Reached ** piety under Cheibriados
 13436 | D:11     | Found a staircase to the Lair.
 13441 | D:11     | Reached XP level 12. HP: 66/88 MP: 16/16
 14565 | D:12     | Reached *** piety under Cheibriados
 14576 | D:12     | Reached skill level 5 in Shields
 14636 | D:12     | Noticed a two-headed ogre
 14644 | D:12     | Killed a two-headed ogre
 15000 | D:12     | Noticed Sonja
 15006 | D:12     | Cast into level 2 of the Abyss (Sonja)
 15062 | Abyss:2  | Noticed a great orb of eyes
 15071 | Abyss:2  | Killed a great orb of eyes
 15382 | Abyss:2  | HP: 1/88 [large abomination (36)]
 15392 | Abyss:2  | Killed from afar by a ynoxinul

Illustrated notes

Levels and vault maps discovered:
D:1:      matt_arrival_los_fun, layout_basic
D:2:      layout_loops_corners, chequers_serial_rivers_micro_d
D:3:      layout_basic, old_standard_altar, okawaru_altar_gauntlet_db,
          uniq_sigmund, uniq_terence
D:4:      layout_loops_ring, fiery_altar_vehumet, first_ration
D:5:      layout_rooms, minmay_temple_entry_ruins
D:6:      layout_layer_cave, overflow_temple_1_default
D:7:      minmay_the_grid_octo_tiled_squarecenter
          [minmay_the_grid_octo_fat_diamond, minmay_the_grid_octo_focus,
          minmay_the_grid_octo_fan_narrow, minmay_the_grid_octo_77,
          minmay_the_grid_square_5x5_megaprize_checkered,
          minmay_the_grid_square_5x5_pentomino_r,
          minmay_the_grid_square_5x5_almost_minimal,
          minmay_the_grid_square_5x5_tri_point,
          minmay_the_grid_square_5x5_eight_small], layout_cave_pods,
          nicolae_tso_swordbearing_angel, nicolae_overflow_hidden_temple,
          bloody_trog
D:8:      layout_basic, hangedman_ru_absence, gammafunk_ghost_stat_death
D:9:      layout_roguey, evilmike_ruin_ashenzari,
          nicolae_overflow_crystal_walls, erik_orc_3
D:10:     layout_long_grid, hangedman_stone_soup, kennysheep_windowed_goal,
          uniq_grum, uniq_harold
D:11:     layout_roguey, lair_entry_dummy
D:12:     layout_basic, minmay_microvault, uniq_sonja
Temple:   oiseaux_autumnal_temple
Abyss:2:  base: D:11, minivault_23, bh_abyss_exit_choice

Skill      XL: |  1  2  3  4  5  6  7  8  9 10 11 12 |
---------------+-------------------------------------+-----
Fighting       | 3 4 5 6 8 9 10 | 10.7
Axes           | 4 5 6 7 8 10 11 | 11.0
Dodging        | 4 6 8 |  8.0
Stealth        | 2 4 7 |  7.0
Evocations     | 1 3 |  3.1
Invocations    | 5 8 |  8.6
Shields        | 3 6 |  6.8
Throwing       | |  2.0

Action                   |  1- 3 |  4- 6 |  7- 9 | 10-12 || total
-------------------------+-------+-------+-------+-------++-------
Melee: War axe           |    68 |    19 |   174 |   368 ||   629
       Constrict         |    21 |    15 |    41 |    55 ||   132
       Tentacles         |    14 |    13 |    42 |   113 ||   182
       Hand axe          |       |    42 |    16 |       ||    58
Throw: Throwing net      |       |     1 |       |       ||     1
Evoke: Wand              |       |       |     3 |     4 ||     7
       Lightning rod     |       |       |     1 |       ||     1
  Use: Scroll            |     5 |     4 |    10 |     8 ||    27
       Potion            |       |       |     2 |     3 ||     5
 Stab: Sleeping          |    14 |     2 |    16 |    26 ||    58
       Distracted        |       |       |     2 |     4 ||     6
  Eat: Chunk             |     3 |     4 |    12 |    15 ||    34
       Ration            |       |       |     1 |     1 ||     2
Armor: Skin              |    11 |     5 |    16 |    26 ||    58
Dodge: Dodged            |    36 |    56 |   116 |   288 ||   496
Block: Kite shield       |       |       |       |    56 ||    56
